 Dungeon Crawl Stone Soup version 0.22-a0-858-g985ef60 (webtiles) character file.

158 vineage the Chopper (level 5, 0/43 HPs)
             Began as a Formicid Fighter on July 27, 2018.
             Slain by an ooze (2 damage)
             ... on level 2 of the Dungeon.
             The game lasted 00:01:50 (1205 turns).

vineage the Chopper (Formicid Fighter)              Turns: 1205, Time: 00:01:50

Health: 0/43       AC: -1    Str: 22    XL:     5   Next: 67%
Magic:  5/5        EV:  8    Int:  7    God:
Gold:   45         SH:  9    Dex: 10    Spells: 4/4 levels left

rFire    . . .     SeeInvis +   a - +0 war axe
rCold    . . .     Gourm    .   c - +0 shield
rNeg     . . .     Faith    .   b - +0 scale mail
rPois    .         Spirit   .   (helmet unavailable)
rElec    .         Reflect  .   (no cloak)
rCorr    .         Harm     .   (no gloves)
MR       .....                  (no boots)
Stlth    ..........             (no amulet)
HPRegen  0.14/turn              (no ring)
MPRegen  0.09/turn              (no ring)

@: corroded, flying
A: permanent stasis, dig shafts and tunnels, four strong arms, antennae 3
a: Dig, Shaft Self


You were on level 2 of the Dungeon.
You were not hungry.

You visited 1 branch of the dungeon, and saw 2 of its levels.

You collected 45 gold pieces.

Inventory:

Hand Weapons
 a - a +0 war axe (weapon)
Armour
 b - a +0 scale mail (worn)
 c - a +0 shield (worn)
Scrolls
 g - a scroll of magic mapping {unknown}
 h - a scroll of enchant weapon {unknown}
 k - a scroll of identify {unknown}
Potions
 d - a potion of might
 e - a potion of brilliance {unknown}
 i - a potion of mutation {unknown}
Comestibles
 f - 3 rations


   Skills:
 + Level 4.5 Fighting
 * Level 4.6 Axes
 - Level 3.2 Armour
 - Level 3.6 Shields


You had 4 spell levels left.
You didn't know any spells.
Your spell library was empty.

Dungeon Overview and Level Annotations

Branches:
Dungeon (2/15)

Altars:
Fedhas
Nemelex Xobeh
Ru

Annotations:
D:2 exclusion: oklob plant


Innate Abilities, Weirdness & Mutations

You cannot be hasted, slowed, berserked, paralysed or teleported.
You can dig through walls and to a lower floor.
Your four strong arms can wield two-handed weapons with a shield.
You have a pair of large antennae on your head. (SInv)


Message History

* * * LOW HITPOINT WARNING * * *
The ooze jiggles.
The ooze hits you.
* * * LOW HITPOINT WARNING * * *
You hit the ooze.
The ooze is almost dead.
You hit the ooze but do no damage. The ooze hits you.
* * * LOW HITPOINT WARNING * * *
You block the ooze's attack.
You hit the ooze but do no damage.
The ooze is lightly wounded.
You hit the ooze.
You kill the ooze!
The ooze hits you.
* * * LOW HITPOINT WARNING * * *
The ooze barely misses you.
It was a potion of flight.
You feel very buoyant.
You fly up into the air.
The ooze hits you.
You die...

.#
#..######################
.####........# #.....#
.##...†####### #...<>#
....##.##### #.....#
..#.....†..# #######
.....####### ########
.##.############...÷..#
....###......##....P..#
....##.......#.#@....÷#
....'†.......#.#.J...P#
....)).......#.#......#
..#.'......#'#)#..P.P.#
..#.##.....#.#.#...÷÷.#
.######....#.#.#.P..P÷# .
#######.##.....?# .
###########


You could see an ooze.

Vanquished Creatures
  3 jellies (D:2)
  7 oozes (D:2)
  A worm (D:2)
  A dart slug (D:1)
  3 bats
  3 goblins (D:1)
  3 hobgoblins
  4 frilled lizards
  11 kobolds
  A leopard gecko zombie (D:2)
  2 rats (D:1)
39 creatures vanquished.

Vanquished Creatures (others)
  2 fungi (D:2)
  9 toadstools (D:2)
11 creatures vanquished.

Grand Total: 50 creatures vanquished

Notes
Turn   | Place    | Note
-------+----------+-------------------------------------------
     0 | D:1      | vineage the Formicid Fighter began the quest for the Orb.
     0 | D:1      | Reached XP level 1. HP: 18/18 MP: 1/1
   181 | D:1      | Reached XP level 2. HP: 23/24 MP: 2/2
   433 | D:1      | Found a sparkling altar of Nemelex Xobeh.
   750 | D:2      | Reached XP level 3. HP: 25/30 MP: 3/3
   846 | D:2      | Found a sacrificial altar of Ru.
   880 | D:2      | Found a blossoming altar of Fedhas.
   899 | D:2      | Noticed an oklob plant
  1009 | D:2      | Reached XP level 4. HP: 18/37 MP: 4/4
  1170 | D:2      | Reached XP level 5. HP: 42/42 MP: 5/5
  1204 | D:2      | HP: 1/43 [ooze (5)]
  1205 | D:2      | Slain by an ooze

Vault maps used:
D:1:      dpeg_arrival_central, nemelex_diamond_rough_becter
D:2:      cheibrodos_fertilizer, lemuel_round_altar, lemuel_crystal_altar,
          serial_undead, serial_undead_a, serial_undead_d, serial_undead_e,
          serial_undead_e, first_ration, tgw_fedhas

Skill      XL: |  1  2  3  4 |
---------------+-------------+-----
Axes           | 3 4 |  4.6
Fighting       | 4 |  4.5
Armour         | |  3.2
Shields        | |  3.6

Action                   |  1- 3 |  4- 6 || total
-------------------------+-------+-------++-------
Melee: War axe           |    90 |    34 ||   124
  Use: Potion            |       |     1 ||     1
  Eat: Ration            |       |     1 ||     1
Armor: Scale mail        |    33 |     9 ||    42
Dodge: Dodged            |    17 |    11 ||    28
Block: Shield            |    42 |    12 ||    54

Table legend:
 A = Spawn XP
 B = Non-spawn XP
 C = Spawn XP percentage of total XP
 D = Spawn monster count
 E = Non-spawn monster count
 F = Spawn count percentage of total count
 G = Total turns spent on level
                    A         B        C        D         E        F      G
               +---------+---------+-------+---------+---------+-------+---------
         Total |       0 |     227 |   0.0 |       0 |      39 |   0.0 |  1205
               +---------+---------+-------+---------+---------+-------+---------
           D:1 |       0 |      28 |   0.0 |       0 |      17 |   0.0 |   837
           D:2 |       0 |     199 |   0.0 |       0 |      22 |   0.0 |   368
               +---------+---------+-------+---------+---------+-------+---------
